 Dungeon Crawl Stone Soup version 0.25.0 (webtiles) character file.

Game seed: 17607329439678743665

2305 Acheron the Cleaver (level 9, 0/75 HPs)
             Began as a Minotaur Fighter on June 12, 2020.
             Was a Believer of Okawaru.
             Slain by a jumping spider (12 damage)
             ... on level 3 of the Lair of Beasts.
             The game lasted 00:41:04 (6652 turns).

Acheron the Cleaver (Minotaur Fighter)              Turns: 6652, Time: 00:41:04

Health: 0/75       AC: 12    Str: 21    XL:     9   Next: 18%
Magic:  11/11      EV: 11    Int:  6    God:    Okawaru [**....]
Gold:   128        SH:  8    Dex: 12    Spells: 13/13 levels left

rFire    + + .     SeeInvis .   x - +5 hand axe
rCold    . . .     Gourm    .   l - +3 buckler
rNeg     . . .     Faith    .   v - +0 scale mail {rF+}
rPois    .         Spirit   .   (helmet restricted)
rElec    .         Reflect  .   (no cloak)
rCorr    .         Harm     .   F - +0 pair of gloves
MR       .....                  p - +2 pair of boots
Stlth    +.........             (no amulet)
HPRegen  0.22/turn              e - +4 ring of slaying
MPRegen  0.12/turn              u - ring of protection from fire

@: very slightly contaminated, invisible
A: retaliatory headbutt, horns 2
a: Heroism, Renounce Religion


You were on level 3 of the Lair of Beasts.
You worshipped Okawaru.
Okawaru was pleased with you.
You were not hungry.

You visited 2 branches of the dungeon, and saw 11 of its levels.

You collected 188 gold pieces.
You spent 60 gold pieces at shops.

Inventory:

Hand Weapons
 a - a +0 war axe
 n - a +0 rapier
 x - a +5 hand axe (weapon)
Missiles
 h - 167 stones
 i - 130 sling bullets
 y - 29 poisoned darts (quivered)
Armour
 l - a +3 buckler (worn)
 p - a +2 pair of boots (worn)
 v - a +0 scale mail of fire resistance (worn)
 F - a +0 pair of gloves (worn)
Magical Staves
 B - an uncursed staff of poison
Jewellery
 e - a +4 ring of slaying (left hand)
 u - a ring of protection from fire (right hand)
 z - an uncursed amulet of the acrobat {unknown}
 E - an uncursed amulet of the acrobat {unknown}
 G - a cursed +6 ring of strength
Wands
 m - a wand of random effects (6)
 t - a wand of paralysis (13)
 D - a wand of enslavement (2)
Scrolls
 o - 3 scrolls of teleportation
 C - 5 scrolls of remove curse
 I - a scroll of fear {unknown}
Potions
 c - a potion of haste {unknown}
 d - 4 potions of might
 g - 4 potions of curing
 j - 3 potions of lignification {unknown}
 k - 2 potions of stabbing {unknown}
 q - 2 potions of mutation {unknown}
 r - 2 potions of heal wounds {unknown}
 s - a potion of ambrosia {unknown}
 w - a potion of flight {unknown}
 A - 2 potions of invisibility
Comestibles
 b - 3 chunks of flesh
 f - 10 rations


   Skills:
 * Level 6.1 Fighting
 * Level 9.5 Axes
 * Level 7.1 Armour
 * Level 3.7 Dodging
 * Level 2.9 Stealth
 - Level 4.0 Shields
 * Level 2.5 Spellcasting
 * Level 0.4 Invocations
 * Level 0.9 Evocations


You had 13 spell levels left.
You didn't know any spells.
Your spell library was empty.

Dungeon Overview and Level Annotations

Branches:
Dungeon (8/15)               Lair (3/6) D:8          Spider (0/4) Lair:3
 Temple: D:4-7        Swamp: Lair:2-4    Shoals: Lair:2-4

Altars:
Ashenzari
Dithmenos
Kikubaaqudgha
Okawaru
Ru
Wu Jian
Zin

Shops:
D:7 ?

Annotations:
D:7 exclusion: 2 downstairs
D:8 Psyche


Innate Abilities, Weirdness & Mutations

You reflexively headbutt those who attack you in melee.
You have a pair of horns on your head.


Message History

You fade into invisibility!
You are very lightly contaminated with residual magic.
You see here a scroll of blinking.
You strike the helpless jumping spider from behind!
You slash the jumping spider!
The jumping spider is moderately wounded.
You catch the helpless jumping spider completely off-guard!
You hit the jumping spider but do no damage.
The jumping spider is moderately wounded.
You catch the helpless jumping spider completely off-guard!
You slash the jumping spider!
The jumping spider is heavily wounded.
You hit the jumping spider but do no damage.
The jumping spider pounces on you!
* * * LOW HITPOINT WARNING * * *
The jumping spider bites you.
* * * LOW HITPOINT WARNING * * *
The jumping spider closely misses you. The jumping spider misses you.
You feel better. The jumping spider pounces on you!
You die...

,,,...................#...#***.,,
,,#,.........#......##.#.##***,,,
*,..,#.#....####..##.(.....,*,,,,
*,#..##.....####.###........,,,,,
,,...........#...#............,,,
,,............................,,,
,,...........#.##...........##,,*
,,P...P...#..####.........,,***,*
≈≈≈%≈≈≈.........@.......,,,,* *,,
,≈≈.≈≈.≈.....s..s.......,,,,***,,
≈,≈.≈.≈≈.........§§.....,,,,**,,*
≈≈...≈≈≈.........§.#....,,,,***,*
,,.>.............≈§§≈...,,,,,*,,,
≈≈...≈≈≈..........≈§≈.§.,,,,,,,,,
≈,≈.≈.≈≈.........#§§#...,,,,,,,,,
,≈≈.≈≈.≈..........§≈≈...,,,,,,,,,
≈≈≈,≈≈≈,,,,,,,,,,,*≈,,,,,,,,,,,,,


You could see 2 jumping spiders.

Vanquished Creatures
  A hippogriff (D:7)
  A spriggan (D:7)
  Eustachio (D:4)
  Menkaure (D:7)
  An ice beast (D:6)
  An ogre (D:7)
  A phantom (D:7)
  An orc warrior (D:8)
  2 bullfrogs (Lair:1)
  A water moccasin zombie (D:7)
  2 scorpions
  9 killer bees (D:7)
  A howler monkey (D:4)
  3 crimson imps
  An orc priest (D:7)
  3 hounds
  A jelly (D:6)
  3 iguanas
  An orc wizard (D:3)
  Ijyb (D:4)
  A worker ant (D:6)
  A worker ant zombie (D:7)
  8 adders
  An adder skeleton (D:5)
  5 worms
  3 dart slugs
  4 leopard geckos
  25 orcs
  2 ball pythons
  5 bats
  7 giant cockroaches
  9 goblins
  8 hobgoblins
  3 jackals (D:4)
  3 quokkas
  4 frilled lizards
  6 kobolds
  A leopard gecko skeleton (D:6)
  A leopard gecko zombie (D:6)
  A quokka skeleton (D:4)
  4 rats
138 creatures vanquished.

Vanquished Creatures (others)
  2 fungi (Lair:1)
2 creatures vanquished.

Grand Total: 140 creatures vanquished

Notes
Turn   | Place    | Note
-------+----------+-------------------------------------------
     0 | D:1      | Acheron the Minotaur Fighter began the quest for the Orb.
     0 | D:1      | Reached XP level 1. HP: 19/19 MP: 0/0
   313 | D:2      | Reached XP level 2. HP: 27/27 MP: 1/1
   662 | D:2      | Reached XP level 3. HP: 33/33 MP: 2/2
   695 | D:1      | Reached skill level 1 in Dodging
   696 | D:1      | Reached skill level 3 in Axes
  1186 | D:2      | Found a faded altar of an unknown god.
  1347 | D:2      | Reached skill level 1 in Stealth
  1347 | D:2      | Reached XP level 4. HP: 35/40 MP: 3/3
  1654 | D:3      | Reached skill level 4 in Axes
  1840 | D:4      | Reached XP level 5. HP: 30/46 MP: 4/4
  2099 | D:3      | Found an ancient bone altar of Kikubaaqudgha.
  2541 | D:3      | Reached skill level 5 in Axes
  2886 | D:4      | Reached XP level 6. HP: 52/53 MP: 6/6
  2998 | D:4      | Found a sacrificial altar of Ru.
  3070 | D:4      | Noticed Eustachio
  3093 | D:4      | Killed Eustachio
  3093 | D:4      | Reached skill level 1 in Spellcasting
  3249 | D:4      | Found a shadowy altar of Dithmenos.
  3323 | D:4      | Noticed Ijyb
  3345 | D:4      | Killed Ijyb
  3345 | D:4      | Reached skill level 6 in Axes
  3433 | D:4      | Found an ornate altar of the Wu Jian Council.
  3676 | D:5      | Entered Level 5 of the Dungeon
  3700 | D:5      | Reached XP level 7. HP: 44/60 MP: 7/7
  4001 | D:6      | Found a glowing silver altar of Zin.
  4033 | D:6      | Found a shattered altar of Ashenzari.
  4050 | D:6      | Found an iron altar of Okawaru.
  4059 | D:6      | Became a worshipper of Warmaster Okawaru
  4081 | D:6      | Reached skill level 7 in Axes
  4570 | D:7      | Reached skill level 5 in Armour
  4592 | D:7      | Noticed Menkaure
  4595 | D:7      | Killed Menkaure
  4595 | D:7      | Reached skill level 5 in Fighting
  4598 | D:7      | Reached * piety under Okawaru
  4598 | D:7      | Reached XP level 8. HP: 68/68 MP: 9/9
  4733 | D:7      | Found Nom Ryni's Magic Scroll Shop.
  4751 | D:7      | Reached skill level 8 in Axes
  5407 | D:7      | Bought a scroll of teleportation for 30 gold pieces
  5407 | D:7      | Bought a scroll of teleportation for 30 gold pieces
  5452 | D:8      | Reached ** piety under Okawaru
  5473 | D:8      | Noticed a two-headed ogre
  5842 | D:7      | Reached skill level 9 in Axes
  6158 | D:8      | Noticed a hippogriff
  6212 | D:8      | Noticed Psyche
  6284 | D:7      | Killed a hippogriff
  6284 | D:7      | Reached XP level 9. HP: 64/75 MP: 11/11
  6409 | D:8      | Noticed a two-headed ogre
  6420 | D:8      | Found a staircase to the Lair.
  6425 | Lair:1   | Entered Level 1 of the Lair of Beasts
  6619 | Lair:3   | Noticed a black mamba
  6626 | Lair:3   | Noticed a seven-headed hydra
  6639 | Lair:3   | Found a hole to the Spider Nest.
  6639 | Lair:3   | Noticed a jumping spider
  6640 | Lair:3   | Noticed a jumping spider
  6652 | Lair:3   | Slain by a jumping spider

Illustrated notes

Levels and vault maps discovered:
D:1:      ncdulo_wetmaze, layout_loops_ring, minmay_pentomino_q2
D:2:      layout_loops_corners, chequers_ecumenical_altar_simple_redux
D:3:      layout_loops_ring, nicolae_overflow_crystal_walls
D:4:      layout_gridville, nicolae_ru_the_path_less_chosen,
          kennysheep_mini_moat, lemuel_round_altar, minmay_temple_entry_fiery,
          hangedman_decor_riveting, uniq_eustachio, uniq_ijyb
D:5:      layout_loops_ring, first_ration
D:6:      layout_cave_pools, ashenzari_conservatory_becter,
          okawaru_metal_pillars_1_2, zin_scriptorium
D:7:      layout_basic, serial_shops, shop, the_bakery, uniq_menkaure
D:8:      minmay_the_grid_plus [minmay_the_grid_rooms, minmay_the_grid_dragon_a,
          minmay_the_grid_zigzag_pyramid, minmay_the_grid_slots,
          minmay_the_grid_prize_trominoes], layout_rooms, marbit_many_paths,
          uniq_psyche
Lair:1:   layout_layer_cave, serial_bayou_shore_b, lemuel_fruit_tree,
          uniq_harold
Lair:2:   layout_roguey, palyth_hydra_swamp_entry
Lair:3:   layout_gridlike, spider_nest_entry_a, portal_ice_cave_entry_ice_beasts

Skill      XL: |  1  2  3  4  5  6  7  8  9 |
---------------+----------------------------+-----
Dodging        | 1 2 3 |  3.7
Axes           | 3 4 5 6 7 9 |  9.5
Fighting       | 4 5 6 |  6.1
Stealth        | 1 2 |  2.9
Armour         | 4 5 6 7 |  7.1
Shields        | 4 |  4.0
Spellcasting   | 1 2 |  2.5
Invocations    | |  0.4
Evocations     | |  0.9

Action                   |  1- 3 |  4- 6 |  7- 9 || total
-------------------------+-------+-------+-------++-------
Melee: War axe           |    67 |   100 |       ||   167
       Headbutt          |    12 |    16 |    25 ||    53
       Hand axe          |       |    42 |   152 ||   194
Throw: Dart              |       |     1 |       ||     1
Evoke: Wand              |       |     3 |     6 ||     9
  Use: Scroll            |       |     6 |     7 ||    13
       Potion            |       |       |     3 ||     3
 Stab: Invisible         |       |       |     3 ||     3
  Eat: Chunk             |     1 |     4 |     3 ||     8
       Ration            |       |     1 |     2 ||     3
Armor: Scale mail        |    21 |    64 |    52 ||   137
Dodge: Dodged            |    27 |    63 |    58 ||   148
Block: Kite shield       |     7 |       |       ||     7
       Buckler           |    13 |    29 |    44 ||    86
